AoeStats
← Unknown

Nomad

510584863Analyzed
4v4 RM · 15h ago on Oct 1, 2026· 44m 53s· 8 players
Game mode
Random Map
Map size
231×231
Population
200
Speed
Normal
Resources
Standard
Victory
Conquest
Starting age
Dark Age
Ending age
Imperial Age
RankedLock teamsTeams togetherTeam positionsShared explorationLock speedFull tech treeHidden civsTurbo modeCheats
Victory
Defeat
🇦🇺 Byzantines · Australia
1186
+17
🇦🇺 Mongols · Australia
1174
+17
🇵🇪 Huns · Peru
1150
+18
🇭🇰 Huns · Hong Kong SAR China
1118
+19
🇹🇷 Persians · Türkiye
1251
-19
🇩🇪 Vietnamese · Germany
1191
-18
🇮🇹 Lithuanians · Italy
1185
-17
🇩🇪 Varangians · Germany
1170
-17
RossC786526
4:09 Loom
12:22 Feudal Age
17:29 Castle Age
17:41 Double-Bit Axe
18:55 Wheelbarrow
19:05 Medium Warships
20:14 Bow Saw
20:38 Pikeman
29:58 Fletching
40:15 Fishing Lines
41:19 Padded Archer Armor
40:56 Elite Skirmisher
emre_gul19
5:49 Loom
13:13 Feudal Age
14:40 Wheelbarrow
13:57 Gold Mining
14:17 Double-Bit Axe
15:00 Town Watch
15:15 Fishing Lines
19:38 Stone Mining
24:18 Castle Age
23:02 Fletching
23:22 Forging
23:18 Scale Barding Armor
23:13 Padded Archer Armor
25:07 Bow Saw
24:56 Gillnets
26:19 Parthian Tactics
26:37 Gold Shaft Mining
28:29 Hand Cart
29:03 Leather Archer Armor
28:30 Horse Collar
31:18 Heavy Plow
33:25 Bodkin Arrow
35:05 Stone Shaft Mining
38:56 Imperial Age
39:08 Chain Barding Armor
39:27 Thumb Ring
40:32 Ring Archer Armor
41:06 Crop Rotation
41:39 Two-Man Saw
41:17 Ballistics
The Swabian
4:52 Loom
15:32 Feudal Age
20:48 Castle Age
19:00 Double-Bit Axe
21:40 Bow Saw
21:44 Medium Warships
29:58 Fletching
30:08 Padded Archer Armor
34:25 Bodkin Arrow
35:10 Elite Skirmisher
44:44 Ballistics
Darth Joker2673
7:15 Loom
13:21 Feudal Age
14:47 Double-Bit Axe
16:18 Wheelbarrow
20:05 Castle Age
18:22 Bloodlines
17:57 Fishing Lines
20:22 Fletching
21:45 Bow Saw
21:28 Gold Mining
22:02 Hand Cart
22:26 Horse Collar
23:08 Bodkin Arrow
25:24 Careening
25:49 Gillnets
27:05 Ballistics
27:33 Scale Mail Armor
28:23 Squires
29:37 Chain Mail Armor
30:43 Stone Mining
31:40 Husbandry
33:42 Heavy Plow
36:41 Stone Shaft Mining
39:30 Imperial Age
37:14 Forging
37:04 Padded Archer Armor
37:10 Scale Barding Armor
37:22 Murder Holes
37:08 Treadmill Crane
40:23 Iron Casting
40:03 Leather Archer Armor
39:54 Scale Barding Armor
40:17 Bracer
40:49 Crop Rotation
41:22 Two-Man Saw
40:32 Siege Engineers
40:08 Cavalier
40:12 Cranequins
41:51 Conscription
41:49 Vendel Legacy
43:59 Chain Barding Armor
44:41 Blast Furnace
43:35 Elite Varangian Guard
Unknown
12:55 Feudal Age
14:57 Loom
18:12 Castle Age
17:20 Horse Collar
18:18 Bloodlines
27:41 Wheelbarrow
27:09 Heavy Plow
26:56 Town Watch
31:01 Hand Cart
30:47 Town Patrol
31:06 Fletching
35:19 Imperial Age
33:21 Marauders
33:57 Scale Barding Armor
34:02 Forging
35:49 Husbandry
36:15 Chain Barding Armor
36:30 Iron Casting
35:37 Elite Tarkan
39:04 Plate Barding Armor
39:39 Blast Furnace
Kingssiu
10:03 Loom
13:33 Feudal Age
17:37 Castle Age
15:44 Double-Bit Axe
17:26 Fletching
20:33 Bodkin Arrow
32:04 Gold Mining
32:05 Stone Mining
37:31 Padded Archer Armor
40:08 Imperial Age
39:34 Leather Archer Armor
40:39 Scale Barding Armor
40:45 Forging
40:57 Bracer
44:57 Chain Barding Armor
Darksun
4:42 Loom
13:04 Feudal Age
15:46 Double-Bit Axe
20:16 Castle Age
18:19 Fishing Lines
20:52 Scale Barding Armor
21:24 Medium Warships
21:06 Gillnets
21:41 Forging
23:16 Bow Saw
23:55 Horse Collar
25:14 Husbandry
28:31 Wheelbarrow
33:14 Chain Barding Armor
34:29 Gold Mining
37:47 Imperial Age
36:46 Hand Cart
36:45 Heavy Plow
38:43 Iron Casting
38:10 Heavy Camel Rider
41:37 Plate Barding Armor
41:32 Elite Cataphract
42:29 Light Cavalry
44:38 Conscription
DreamStolen
5:20 Loom
13:08 Feudal Age
20:19 Castle Age
19:29 Forging
19:28 Horse Collar
24:46 Fletching
26:40 Bodkin Arrow
28:36 Padded Archer Armor
31:02 Heavy Plow
32:59 Wheelbarrow
34:05 Hand Cart
34:17 Thumb Ring
34:31 Leather Archer Armor
38:43 Bloodlines
38:34 Husbandry
37:57 Light Cavalry
39:10 Double-Bit Axe
39:36 Scale Barding Armor
39:42 Forging
42:49 Imperial Age
43:30 Chain Barding Armor
43:04 Hussar
Connection lost

Rejoining the realm…

Still unreachable

The connection could not be restored.

Session expired

The server has moved on; the page needs a fresh start.